 Dungeon Crawl Stone Soup version 0.23.0 (webtiles) character file.

Game seed: 9399520939935325325

33 tidbits the Charmwright (level 3, -1/31 HPs)
             Began as a Gnoll Skald on Feb 11, 2019.
             Slain by a gnoll
             ... wielding a +0 flail
              (5 damage)
             ... on level 3 of the Dungeon.
             The game lasted 00:02:00 (245 turns).

tidbits the Charmwright (Gnoll Skald)                Turns: 245, Time: 00:02:01

Health: -1/31      AC:  3    Str: 13    XL:     3   Next: 29%
Magic:  2/9        EV: 14    Int: 16    God:
Gold:   34         SH:  0    Dex: 14    Spells: 1/12 levels left

rFire    . . .     SeeInvis .   a - +0 spear
rCold    . . .     Gourm    .   (no shield)
rNeg     . . .     Faith    .   b - +0 leather armour
rPois    .         Spirit   .   (no helmet)
rElec    .         Reflect  .   (no cloak)
rCorr    +         Harm     .   (no gloves)
MR       .....                  (no boots)
Stlth    +.........             (no amulet)
HPRegen  0.10/turn              K - ring of resist corrosion
MPRegen  0.11/turn              (no ring)

@: singing
A: distributed training, fangs 1, strong nose
a: no special abilities


You were on level 3 of the Dungeon.
You were not hungry.

You visited 1 branch of the dungeon, and saw 3 of its levels.

You collected 34 gold pieces.

Inventory:

Hand Weapons
 a - a +0 spear (weapon)
Missiles
 e - 17 arrows
 k - 24 sling bullets
 m - 16 stones (quivered)
Armour
 b - a +0 leather armour (worn)
Jewellery
 K - a ring of resist corrosion (left hand)
   (You found it on level 2 of the Dungeon)
Wands
 n - a wand of acid (5)
Scrolls
 f - a scroll of identify {unknown}
 g - a scroll of magic mapping {unknown}
 h - a scroll of remove curse {unknown}
 i - a scroll of amnesia {unknown}
 l - a scroll of enchant weapon {unknown}
Potions
 c - a potion of heal wounds {unknown}
 j - a potion of lignification {unknown}
Comestibles
 d - 2 rations


   Skills:
 + Level 4.5 Fighting
 + Level 0.7 Short Blades
 + Level 0.7 Long Blades
 + Level 0.7 Axes
 + Level 0.7 Maces & Flails
 + Level 4.5 Polearms
 + Level 0.7 Staves
 + Level 0.7 Slings
 + Level 0.7 Bows
 + Level 0.7 Crossbows
 + Level 0.7 Throwing
 + Level 2.6 Armour
 + Level 4.5 Dodging
 + Level 0.7 Stealth
 + Level 0.7 Shields
 + Level 0.7 Unarmed Combat
 + Level 5.0 Spellcasting
 + Level 0.5 Conjurations
 + Level 0.5 Hexes
 + Level 5.4 Charms
 + Level 0.5 Summonings
 + Level 0.5 Necromancy
 + Level 0.5 Translocations
 + Level 0.5 Transmutations
 + Level 0.5 Fire Magic
 + Level 0.5 Ice Magic
 + Level 0.5 Air Magic
 + Level 0.5 Earth Magic
 + Level 0.5 Poison Magic
 + Level 0.9 Invocations
 + Level 0.7 Evocations


You had one spell level left.
You knew the following spells:

 Your Spells              Type           Power        Failure   Level  Hunger
g - Shroud of Golubria    Chrm/Tloc      ##........   9%          2    #......
i - Infusion              Chrm           ###.         1%          1    None
r - Regeneration          Chrm/Necr      ##........   17%         3    ###....
w - Spectral Weapon       Hex/Chrm       ##......     17%         3    ###....
y - Song of Slaying       Chrm           ###.....     3%          2    #......

Your spell library contained the following spells:

 Spells                   Type           Power        Failure   Level  Hunger


Dungeon Overview and Level Annotations

Branches:
Dungeon (3/15)

Altars:


Innate Abilities, Weirdness & Mutations

Your experience applies equally to all skills.
You have very sharp teeth.
Your uncanny sense of smell can sniff out nearby items.


Message History

a +0 club; a hobgoblin corpse You see here 15 gold pieces.
You now have 27 gold pieces (gained 15).
Unknown command.
Unknown command.
Unknown command.
Unknown command.
Unknown command.
Your magical infusion is running out.
Found 7 gold pieces.
You see here 7 gold pieces.
You now have 34 gold pieces (gained 7).
You are no longer magically infusing your attacks.
Found a hunting sling.
Found a worn bone wand.
Unknown command.
Found 15 poisoned needles.
You see here a wand of acid (6).
n - a wand of acid (6)
You open the door.
Found a stone staircase leading down.
There is an open door here.
There is a stone staircase leading down here.
You climb downwards.
Jessica the Apprentice Sorceress comes into view.
Jessica shouts!
You hear a shout! x3; You hear an angry hiss.
Found a glowing hunting sling.
Found a stone staircase leading up.
There is a stone staircase leading up here.
Evoke which item? (* to show all) (? for menu, Esc to quit)
Aiming: Corrosive Bolt
Press: ? - help, Shift-Dir - straight line, f - Jessica
Aim: Jessica, wearing a +0 robe The bolt of acid hits Jessica.
Jessica is splashed with acid!
The acid corrodes Jessica!
You kill Jessica!
Your Spellcasting skill increases to level 5!
You have reached level 3!
Your experience leads to an increase in your attributes!
Increase (S)trength, (I)ntelligence, or (D)exterity?
You feel clever.
An orc comes into view. It is wielding a +0 short sword.
A gnoll comes into view. It is wielding a +0 whip.
Unknown command.
Unknown command.
You climb upwards.
There is a stone staircase leading down here.
Unknown command.
Memorise Regeneration, consuming 3 spell levels and leaving 4?
You start memorising the spell.
You continue memorising. x3
You finish memorising.
Spell assigned to 'r'.
Memorise Spectral Weapon, consuming 3 spell levels and leaving 1?
You start memorising the spell.
You continue memorising. x3
You finish memorising.
Spell assigned to 'w'.
Casting: Infusion (safe; 1% risk of failure)
Confirm with . or Enter, or press ? or * to list all spells.
You start singing a song of slaying.
Unknown command.
You climb downwards.
You hear a shout! x2
The gnoll hits you with a +0 whip.
A gnoll comes into view. It is wielding a +0 flail.
An orc comes into view. It is wielding a +0 hand axe.
You hear an angry hiss.
There is a stone staircase leading up here.
Unknown command.
You hear a shout!
You see here a glowing hunting sling.
Unknown command.
Casting: Song of Slaying (safe; 3% risk of failure)
Confirm with . or Enter, or press ? or * to list all spells.
You draw out your weapon's spirit!
The orc completely misses your spectral weapon.
An orc comes into view. It is wielding a +0 war axe.
You barely miss the gnoll. You bite the gnoll.
The gnoll is lightly wounded.
Your spectral weapon hits the gnoll.
The orc closely misses your spectral weapon.
The gnoll hits you with a +0 whip.
A gnoll comes into view. It is wielding a -3 club.
A rat comes into view.
Casting: Spectral Weapon (safe; 17% risk of failure)
Confirm with . or Enter, or press ? or * to list all spells.
Space distorts slightly along a thin shroud covering your body.
You hear an angry hiss.
The orc barely misses your spectral weapon.
The gnoll hits you with a +0 whip.
Your shroud falls apart!
The gnoll closely misses you.
You barely miss the gnoll.
The gnoll is heavily wounded.
You hear a shout!
Your spectral weapon hits the gnoll.
The orc barely misses your spectral weapon.
The orc hits your spectral weapon with a +0 hand axe.
Your spectral weapon shares its damage with you!
The gnoll hits you with a +0 whip!
* * * LOW HITPOINT WARNING * * *
The gnoll hits you with a +0 flail.
You die... #... ∆ ...## ∆.r.. #o.# . oo.

.<. #(#
...[.###g#
......gg@#
#..#######
∆ ∆ ∆ ∆ ∆


You could see 3 gnolls, 3 orcs, a rat and a friendly spectral +0 spear.

Vanquished Creatures
  Jessica (D:3)
  A goblin (D:1)
  2 hobgoblins
  A bat (D:2)
  A frilled lizard (D:1)
  A kobold (D:1)
  2 rats (D:1)
9 creatures vanquished.

Notes
Turn   | Place    | Note
-------+----------+-------------------------------------------
     0 | D:1      | tidbits the Gnoll Skald began the quest for the Orb.
     0 | D:1      | Reached XP level 1. HP: 20/20 MP: 6/6
   190 | D:2      | Reached XP level 2. HP: 25/26 MP: 3/7
   194 | D:2      | Learned a level 2 spell: Song of Slaying
   197 | D:2      | Learned a level 2 spell: Shroud of Golubria
   226 | D:3      | Noticed Jessica
   227 | D:3      | Killed Jessica
   227 | D:3      | Reached skill level 5 in Spellcasting
   227 | D:3      | Reached XP level 3. HP: 31/31 MP: 7/9
   234 | D:2      | Learned a level 3 spell: Regeneration
   238 | D:2      | Learned a level 3 spell: Spectral Weapon
   245 | D:3      | HP: 4/31 [gnoll/+0 whip (12)]
   245 | D:3      | Slain by a gnoll

Skill      XL: |  1  2 |
---------------+-------+-----
Spellcasting   | 5 |  5.0
Fighting       | |  4.5
Short Blades   | |  0.7
Long Blades    | |  0.7
Axes           | |  0.7
Maces & Flails | |  0.7
Polearms       | |  4.5
Staves         | |  0.7
Slings         | |  0.7
Bows           | |  0.7
Crossbows      | |  0.7
Throwing       | |  0.7
Armour         | |  2.6
Dodging        | |  4.5
Stealth        | |  0.7
Shields        | |  0.7
Unarmed Combat | |  0.7
Conjurations   | |  0.5
Hexes          | |  0.5
Charms         | |  5.4
Summonings     | |  0.5
Necromancy     | |  0.5
Translocations | |  0.5
Transmutations | |  0.5
Fire Magic     | |  0.5
Ice Magic      | |  0.5
Air Magic      | |  0.5
Earth Magic    | |  0.5
Poison Magic   | |  0.5
Invocations    | |  0.9
Evocations     | |  0.7

Action                   || total
-------------------------++-------
Melee: Spear             ||    17
       Bite              ||     4
 Cast: Infusion          ||     3
       Shroud of Golubri ||     1
       Song of Slaying   ||     1
       Spectral Weapon   ||     1
Evoke: Wand              ||     1
Armor: Leather armour    ||     2
Dodge: Dodged            ||     7

Table legend:
 A = Turns spent in this place as a percentage of turns spent in the entire game.
 B = Non-inter-level travel turns spent in this place as a percentage of non-inter-level travel turns spent in the entire game.
 C = Inter-level travel turns spent in this place as a percentage of turns spent in this place.
 D = Turns resting spent in this place as a percentage of non-inter-level travel turns spent in this place.
 E = Turns spent auto-exploring this place as a percentage of non-inter-level travel turns spent in this place.
 F = Non-inter-level travel turns spent in this place divided by the number of levels of this place that you've seen.
                   A       B       C       D       E      F
               +-------+-------+-------+-------+-------+----------------------
         Total | 100.0 | 100.0 |   0.0 |   0.0 |   0.0 |  81.7
       Dungeon | 100.0 | 100.0 |   0.0 |   0.0 |   0.0 |  81.7
               +-------+-------+-------+-------+-------+----------------------

Table legend:
 A = Kills in this place as a percentage of kills in entire the game.
 B = Kills by you in this place as a percentage of kills by you in the entire game.
 C = Kills by friends in this place as a percentage of kills by friends in the entire game.
 D = Other kills in this place as a percentage of other kills in the entire game.
 E = Experience gained in this place as a percentage of experience gained in the entire game.
 F = Experience gained in this place divided by the number of levels of this place that you have seen.
                   A       B       C       D       E      F
               +-------+-------+-------+-------+-------+----------------------
         Total | 100.0 | 100.0 |   N/A |   N/A | 100.0 |  16.0
       Dungeon | 100.0 | 100.0 |   N/A |   N/A | 100.0 |  16.0
               +-------+-------+-------+-------+-------+----------------------

Levels and vault maps discovered:
D:1:      roderic_dead_forest, layout_basic
D:2:      layout_loops_corners, lemuel_crystal_altar
D:3:      layout_loops_ring, lemuel_doored_altar, minmay_misc_feat_pillars,
          roderic_serpentine_path, uniq_jessica
